Construct Section Command Post
Construct Platoon Command Post
Unlock M3 Stuart Light Tanks
Selects CMP 15cwt Supply Run
Construct Field Infirmary
6-pounder Anti-tank Gun Team
Unlock Bishop Self-propelled Artillery
Selects Reinforced Resource Caches
Bishop Self-propelled Artillery
6-pounder Anti-tank Gun Team
6-pounder Anti-tank Gun Team
Construct Company Command Post
Selects Charged Creeping Barrage
Selects Australian Light Infantry Section
Australian Light Infantry Section
Selects 2-pounder Anti-tank Gun Team
2-pounder Anti-tank Gun Team
Australian Light Infantry Section
2-pounder Anti-tank Gun Team
2-pounder Anti-tank Gun Team
2-pounder Anti-tank Gun Team
Australian Light Infantry Section
Australian Light Infantry Section
2-pounder Anti-tank Gun Team
2-pounder Anti-tank Gun Team
Unlock M3 Grant Medium Tanks
2-pounder Anti-tank Gun Team
Australian Light Infantry Section
Australian Light Infantry Section
Unlock Towed 17-pounder Anti-tank Guns
Selects Australian Defense Battlegroup